 Dungeon Crawl Stone Soup version 0.30.1-9-gdf580d7c3d (webtiles) character file.

Game seed: 17535493893562327874

9606 Ironcache the Grappler (level 11, -15/101 HPs)
             Began as a Ghoul Gladiator on Oct 8, 2023.
             Was an Initiate of Gozag.
             Demolished by a very large slime creature (17 damage)
             ... on level 11 of the Dungeon.
             The game lasted 00:30:59 (10287 turns).

Ironcache the Grappler (Ghoul Gladiator)           Turns: 10287, Time: 00:31:00

Health: -15/101    AC: 20    Str: 29    XL:     11   Next: 49%
Magic:  10/10      EV: 14    Int:  7    God:    Gozag
Gold:   946        SH:  0    Dex: 10    Spells: 10/10 levels left

rFire   + +          .
                       - Unarmed
rCold   + . .        (no shield)
rNeg    + + +        K - +3 plate armour {rF+}
rPois   ∞            b - +0 helmet
rElec   .            (no cloak)
rCorr   .            (no gloves)
SInv    .            t - +2 pair of boots {Stlth+}
Will    .....        (no amulet) Stlth
                     h - +5 ring of evasion
HPRegen 0.00/turn    r - ring "Wuaptow" {Drain rF+ Str+6 Int+4 Slay+2}
MPRegen 0.12/turn

%: no passive effects
@: inhibited regen, studying Fighting
A: claws 1, cold resistance 1, negative energy resistance 3, inhibited
regeneration, torment resistance 2, devour on kill
a: Renounce Religion, Potion Petition, Call Merchant, Bribe Branch


You were on level 11 of the Dungeon.
You worshipped Gozag.
Gozag was pleased with you.
You visited 2 branches of the dungeon, and saw 12 of its levels.
You also visited: Sewer.

You collected 2146 gold pieces.
You spent 1200 gold pieces at shops.

Inventory:

Missiles
 c - 5 throwing nets
 d - a javelin
 g - 4 curare-tipped darts
 i - 177 stones (quivered)
Armour
 b - a +0 helmet (worn)
 n - the +2 pair of slick slippers {slick, slippery, EV+4}
   (You acquired it on level 10 of the Dungeon)

   Slick:     Its wearer cannot be constricted, engulfed, netted or webbed.
   Slippery:  Its wearer slips away from damaging melee attacks, pulling the
   attacker onward.
   EV:        It affects your evasion (+4).
 t - a +2 pair of boots of stealth (worn)
 D - a +0 buckler
 J - the +3 ring mail "Ishobrorph" {rC+ Int+2}
   (You found it on level 7 of the Dungeon)

   Int:       It affects your intelligence (+2).
   rC:        It protects you from cold.
 K - a +3 plate armour of fire resistance (worn)
Jewellery
 h - a +5 ring of evasion (left claw)
 l - a ring of protection from fire
 m - a +5 ring of evasion
 r - the ring "Wuaptow" (right claw) {Drain rF+ Str+6 Int+4 Slay+2}
   (You acquired it on level 10 of the Dungeon)

   [ring of strength]

   Str:       It affects your strength (+6).
   Int:       It affects your intelligence (+4).
   Slay:      It affects your accuracy & damage with ranged weapons and melee
   (+2).
   rF:        It protects you from fire.
   Drain:     It drains your maximum health when unequipped.
 G - a +6 ring of intelligence
Wands
 e - a wand of iceblast (7)
 v - a wand of digging (8)
 F - a wand of light (22)
 N - a wand of flame (7)
 Q - a wand of mindburst (4)
 R - a wand of charming (4)
Scrolls
 a - 4 scrolls of immolation
 f - 5 scrolls of enchant weapon
 j - 3 scrolls of poison
 k - a scroll of torment
 q - 2 scrolls of teleportation
 s - 7 scrolls of amnesia
 w - a scroll of vulnerability {unknown}
 x - a scroll of noise {unknown}
 y - a scroll of enchant armour
 H - a scroll of fog {unknown}
 M - a scroll of fear
 O - a scroll of acquirement
Potions
 o - 4 potions of might
 p - 6 potions of curing
 u - a potion of heal wounds {unknown}
 z - 2 potions of resistance
 A - a potion of attraction {unknown}
 B - 4 potions of degeneration
 C - a potion of mutation {unknown}
 E - a potion of cancellation {unknown}
 I - a potion of flight {unknown}
 L - 2 potions of lignification {unknown}
 P - a potion of invisibility {unknown}


   Skills:
 * Level 10.6 Fighting
 - Level 2.0 Throwing
 + Level 6.2 Armour
 + Level 6.1 Dodging
 * Level 13.7 Unarmed Combat


You had 10 spell levels left.
You didn't know any spells.
Your spell library contained the following spells:

 Spells                   Type           Power      Damage    Failure   Level
 Call Imp                 Summ           0%         N/A       100%        2
 Momentum Strike          Conj/Tloc      0%         3d8       100%        2
 Dazzling Flash           Conj/Hex       0%         N/A       100%        3
 Ignite Poison            Fire/Tmut/Pois 0%         N/A       100%        3
 Ozocubu's Armour         Ice            0%         N/A       100%        3
 Sticky Flame             Conj/Fire      0%         2d3       100%        4
 Agony                    Necr           0%         N/A       100%        5
 Silence                  Hex/Air        0%         N/A       100%        5
 Malign Gateway           Summ/Tloc      0%         N/A       100%        7
 Ozocubu's Refrigeration  Ice            0%         4d7       100%        7
 Spellforged Servitor     Conj/Summ      0%         N/A       100%        7
 Ignition                 Fire           0%         3d3       100%        8


Dungeon Overview and Level Annotations

Branches:
Dungeon (11/15)            Temple (1/1) D:7            Lair (0/5) D:11
    Orc (0/2) D:10          Sewer (visited)

Altars:
Ashenzari
Cheibriados
Dithmenos
Fedhas
Gozag
Hepliaklqana
Kikubaaqudgha
Makhleb
Nemelex Xobeh
Okawaru
Qazlal
Ru
Sif Muna
Trog
Uskayaw
Vehumet
Wu Jian
Xom
Yredelemnul

Shops:
D:8 !   D:10 :


Innate Abilities, Weirdness & Mutations

You are immune to poison.
You have sharp fingernails.
Your flesh is cold resistant. (rC+)
You are immune to negative energy. (rN+++)
You do not regenerate when monsters are visible.
You are immune to unholy pain and torment.
You thrive by killing the living.


Message History

Two slime creatures merge to form a large slime creature.
You mangle the large slime creature!!
The large slime creature is heavily wounded.
You barely miss the large slime creature.
The large slime creature is heavily wounded.
You mangle the large slime creature!!
The large slime creature is heavily wounded.
The large slime creature hits you.
You mangle the large slime creature!!
The large slime creature is severely wounded.
The slime creature is no longer distracted by gold.
Two slime creatures merge to form a very large slime creature.
You claw the very large slime creature!
The very large slime creature is severely wounded.
You claw the very large slime creature! You claw the very large slime creature.
The very large slime creature is severely wounded.
You claw the very large slime creature!
The very large slime creature is severely wounded.
The very large slime creature hits you!!!
Ouch! That really hurt!
You barely miss the very large slime creature.
The very large slime creature is severely wounded.
The very large slime creature hits you!!!
* * * LOW HITPOINT WARNING * * *
As you read the scroll labelled OGIXEO PISACAT, it crumbles to dust.
It is a scroll of enchant armour.
Your +2 plate armour of fire resistance glows green for a moment.
The very large slime creature closely misses you.
Okay, then.
Okay, then.
As you read the scroll labelled JOD INAERUAJ, it crumbles to dust.
You assume a fearsome visage.
The very large slime creature easily resists.
It was a scroll of fear.
The very large slime creature misses you.
You barely miss the very large slime creature.
The very large slime creature is severely wounded.
The very large slime creature hits you!
You die...
Your body crumbles into a pile of gold.

.#.#.#.#.#.#.#.#.#.#.#.#
......#.#.#.#.#..... #+
......####.#.##....
......####.#.# ..
#####......# # ###.####
#.# #.# #@# #J####J#
#..).J.# #..##### $ #..#
#..# >..# #...# ##...


You could see a very large slime creature.

Vanquished Creatures
  A two-headed ogre (D:11)
  Pikel (D:4)
  2 slime creatures (D:11)
  A gargoyle (D:10)
  An unseen horror (D:11)
  3 trolls
  Grinder (D:6)
  2 shadows
  10 yaks
  2 wyverns
  Menkaure (D:5)
  2 water moccasins
  Duvessa (D:4)
  5 orc warriors
  3 black bears
  An ice beast (D:6)
  2 ogres (D:6)
  3 centaurs
  2 kobold brigands
  3 bullfrogs (D:6)
  A gnoll sergeant (D:11)
  3 scorpions
  8 wights (D:9)
  Dowan (D:4)
  16 killer bees
  6 howler monkeys
  3 jellies
  A gnoll bouda (D:9)
  4 hounds
  2 iguanas
  13 orc wizards
  Robin (D:4)
  8 adders
  13 gnolls
  2 shadow imps (D:6)
  2 white imps
  3 worms
  43 orcs
  5 bats
  6 endoplasms
  2 giant cockroaches
  20 goblins
  13 hobgoblins
  8 jackals
  2 quokkas
  8 ball pythons
  3 frilled lizards (D:1)
  21 kobolds
  2 rats
267 creatures vanquished.

Vanquished Creatures (others)
  An orc priest (D:10)
1 creature vanquished.

Grand Total: 268 creatures vanquished

Notes
Turn   | Place    | Note
-------+----------+-------------------------------------------
     0 | D:1      | Ironcache the Ghoul Gladiator began the quest for the Orb.
     0 | D:1      | Reached XP level 1. HP: 17/17 MP: 0/0
    94 | D:1      | Reached XP level 2. HP: 20/25 MP: 1/1
   445 | D:1      | Reached XP level 3. HP: 30/30 MP: 2/2
   626 | D:1      | Found a faded altar of an unknown god.
   717 | D:1      | Prayed at the altar of an unknown god.
   717 | D:1      | Became a worshipper of Gozag Ym Sagoz the Greedy
  1534 | D:2      | Reached skill level 1 in Armour
  1851 | D:2      | Reached skill level 4 in Unarmed Combat
  2169 | D:3      | Noticed a centaur
  2180 | D:3      | Killed a centaur
  2181 | D:3      | Reached XP level 4. HP: 31/38 MP: 3/3
  2181 | D:3      | Reached XP level 5. HP: 37/45 MP: 4/4
  2791 | D:4      | Reached skill level 5 in Unarmed Combat
  2919 | D:4      | Reached XP level 6. HP: 52/52 MP: 5/5
  2978 | D:4      | Noticed Pikel
  3007 | D:4      | Killed Pikel
  3008 | D:4      | Reached skill level 5 in Fighting
  3008 | D:4      | Reached skill level 7 in Unarmed Combat
  3008 | D:4      | Reached XP level 7. HP: 23/61 MP: 6/6
  3280 | D:4      | Noticed Robin
  3309 | D:4      | Killed Robin
  3310 | D:4      | Reached XP level 8. HP: 65/68 MP: 7/7
  3722 | D:4      | Noticed Dowan
  3724 | D:4      | Noticed Duvessa
  3800 | D:4      | Killed Dowan
  3801 | D:4      | Reached skill level 8 in Unarmed Combat
  3835 | D:5      | Entered Level 5 of the Dungeon
  3854 | D:5      | Noticed Menkaure
  3977 | D:5      | Killed Menkaure
  4068 | D:5      | Found a glowing drain.
  4089 | Sewer    | Entered a sewer
  4126 | Sewer    | Reached skill level 9 in Unarmed Combat
  4201 | D:5      | Got the Handbook of Displaced Mustering
  4886 | D:6      | Reached skill level 10 in Unarmed Combat
  4886 | D:6      | Reached XP level 9. HP: 76/78 MP: 8/8
  4985 | D:4      | Killed Duvessa
  5410 | D:6      | Noticed Grinder
  5419 | D:6      | Killed Grinder
  5683 | D:6      | Found a bloodstained altar of Trog.
  5776 | D:6      | Found a radiant altar of Vehumet.
  6076 | D:6      | Reached skill level 11 in Unarmed Combat
  6224 | D:7      | Found a staircase to the Ecumenical Temple.
  6233 | Temple   | Entered the Ecumenical Temple
  6441 | D:7      | Identified the +3 ring mail "Ishobrorph" {rC+ Int+2}
  6625 | D:7      | Found a hide-covered altar of Uskayaw.
  7042 | D:8      | Found an iron altar of Okawaru.
  7129 | D:8      | Found a stormy altar of Qazlal.
  7130 | D:8      | Found a hazy altar of Hepliaklqana.
  7131 | D:8      | Found a snail-covered altar of Cheibriados.
  7132 | D:8      | Found a basalt altar of Yredelemnul.
  7469 | D:8      | Reached XP level 10. HP: 88/88 MP: 9/9
  7864 | D:8      | Found Urousen's Distillery.
  8313 | D:9      | Reached skill level 12 in Unarmed Combat
  8519 | D:9      | Reached skill level 5 in Armour
  8532 | D:9      | Reached skill level 5 in Dodging
  8847 | D:10     | Entered Level 10 of the Dungeon
  8852 | D:10     | Identified 2 scrolls of acquirement
  8859 | D:10     | Acquired the +2 pair of slick slippers {slick, slippery,
                  | EV+4}
  8859 | D:10     | Found the +2 pair of slick slippers {slick, slippery, EV+4}
  8860 | D:10     | Acquired the ring "Wuaptow" {Drain rF+ Str+6 Int+4 Slay+2}
  9137 | D:10     | Found Xirhavvosos's Self-Improvement Boutique.
  9138 | D:10     | Noticed a gargoyle
  9151 | D:10     | Found a sparkling altar of Nemelex Xobeh.
  9398 | D:10     | Reached XP level 11. HP: 97/97 MP: 10/10
  9401 | D:10     | Reached skill level 13 in Unarmed Combat
  9649 | D:10     | Found an opulent altar of Gozag.
  9697 | D:10     | Bought a manual of Fighting for 1200 gold pieces
  9773 | D:10     | Found a staircase to the Orcish Mines.
  9987 | D:11     | Noticed a two-headed ogre
 10008 | D:11     | Reached skill level 10 in Fighting
 10121 | D:11     | Killed a two-headed ogre
 10259 | D:11     | Found a staircase to the Lair.
 10284 | D:11     | HP: 2/101 [very large slime creature (43)]
 10287 | D:11     | Demolished by a very large slime creature

Illustrated notes

Levels and vault maps discovered:
D:1:      psy_arrival_conway, layout_basic, shapermc_ecumenical_altar_acropolis
D:2:      minmay_inner_zag, layout_loops_corners, nicolae_eternal_life
D:3:      cheibrodos_old_hovel, layout_basic, tso_oasis_becter
D:4:      layout_loops_ring, uniq_pikel, uniq_duvessa, uniq_robin
D:5:      layout_basic, cheibrodos_sewer_entry_sluice,
          chequers_serial_rivers_room_b, uniq_menkaure
D:6:      layout_loops_cross, kennysheep_mini, mainiacjoe_overflow_24_doors,
          kennysheep_opposing_triangles, uniq_grinder
D:7:      layout_basic, nicolae_uskayaw_dance_hall,
          minmay_temple_entry_statues_pillars
D:8:      layout_loops_corners, okawaru_altar_gauntlet_db,
          mainiacjoe_overflow_alcove_3, serial_shops, nicolae_shop_peninsula
D:9:      layout_roguey, dk_rats_in_the_wall
D:10:     layout_rooms, grunt_gozag_statues, mainiacjoe_overflow_tiny_flanked,
          hiddenorc1_lemuel, serial_aquarium, aquarium_bridge_straight
          [aquarium_subvault_bridge, aquarium_subvault_window,
          aquarium_subvault_bridge, aquarium_subvault_window],
          aquarium_window_corner, aquarium_window_fake, aquarium_window_fake,
          aquarium_window_2, aquarium_view_2d, nicolae_shop_self_help
D:11:     layout_basic, lair_entry_dummy
Temple:   jpeg_temple_clearing

Skill      XL: |  1  2  3  4  5  6  7  8  9 10 11 |
---------------+----------------------------------+-----
Throwing       | 2 |  2.0
Dodging        | 3 4 5 6 |  6.1
Armour         | 1 2 3 4 5 6 |  6.2
Unarmed Combat | 4 5 7 10 11 12 13 | 13.7
Fighting       | 3 5 6 8 9 10 | 10.6

Action                     |  1- 3 |  4- 6 |  7- 9 | 10-12 || total
---------------------------+-------+-------+-------+-------++-------
  Melee: Unarmed           |   149 |   122 |   276 |   352 ||   899
         Punch             |     7 |     1 |    13 |    30 ||    51
  Throw: Stone             |       |       |       |     1 ||     1
    Use: Scroll            |     1 |       |       |    15 ||    16
         Potion            |       |       |       |     3 ||     3
   Stab: Distracted        |       |     1 |     2 |       ||     3
 Armour: Leather armour    |    31 |       |       |       ||    31
         Chain mail        |    15 |    41 |    61 |       ||   117
         Plate armour      |       |       |    17 |   101 ||   118
  Dodge: Dodged            |   164 |    46 |   158 |   207 ||   575
